 Dungeon Crawl Stone Soup version 0.29.1-15-g9cfb28693d (webtiles) character file.

Game seed: 13546093701181897783

177 FaviusArthum the Conjurer (level 5, -8/28 HPs)
             Began as a Gargoyle Conjurer on Mar 22, 2023.
             Was an Initiate of Sif Muna.
             Mangled by an ogre
             ... wielding a +0 giant spiked club
              (36 damage)
             ... on level 4 of the Dungeon.
             The game lasted 00:12:48 (4791 turns).

FaviusArthum the Conjurer (Gargoyle Conjurer)       Turns: 4791, Time: 00:12:48

Health: -8/28      AC:  6    Str: 13    XL:     5   Next: 57%
Magic:  9/9        EV: 11    Int: 18    God:    Sif Muna [......]
Gold:   1339       SH:  0    Dex:  8    Spells: 3/9 levels left

rFire   . . .      SeeInvis .   o - +0 dagger
rCold   . . .      Faith    .   (no shield)
rNeg    + . .      Spirit   .   a - +0 robe
rPois   ∞          Reflect  .   (no helmet)
rElec   +          Harm     .   (no cloak)
rCorr   .          Rampage  .   (no gloves)
Will    .....                   (no boots)
Stlth   ++........              (no amulet)
HPRegen 0.09/turn               (no ring)
MPRegen 0.11/turn               (no ring)

@: no status effects
A: sickness immunity, AC +4, negative energy resistance 1, electricity
resistance, torment resistance 1, petrification resistance
a: Renounce Religion


You were on level 4 of the Dungeon.
You worshipped Sif Muna.
Sif Muna was noncommittal.
You visited 1 branch of the dungeon, and saw 4 of its levels.

You collected 1404 gold pieces.
You spent 65 gold pieces at shops.

Inventory:

Hand Weapons
 c - a +0 short sword
 o - a +0 dagger (weapon)
Armour
 a - a +0 robe (worn)
 u - a +0 tower shield
Jewellery
 d - a ring of poison resistance
 s - an amulet of faith
 v - a ring of protection from cold
Scrolls
 g - a scroll of enchant weapon {unknown}
 h - 2 scrolls of noise
 i - 2 scrolls of teleportation
 j - a scroll of brand weapon
 n - a scroll of immolation {unknown}
 q - a scroll of fear {unknown}
 r - 2 scrolls of amnesia {unknown}
 w - a scroll of enchant armour {unknown}
 x - a scroll of silence {unknown}
Potions
 b - a potion of magic
 e - 2 potions of flight
 f - a potion of cancellation {unknown}
 k - 3 potions of attraction {unknown}
 l - a potion of might {unknown}
 m - 3 potions of heal wounds {unknown}
 p - a potion of invisibility {unknown}
 t - 2 potions of resistance {unknown}


   Skills:
 + Level 0.4 Fighting
 + Level 0.6 Short Blades
 + Level 1.8 Dodging
 + Level 3.0 Stealth
 + Level 2.9 Spellcasting
 + Level 5.9 Conjurations
 * Level 1.1 Hexes


You had 3 spell levels left.
You knew the following spells:

 Your Spells              Type           Power      Damage    Failure   Level
a - Magic Dart            Conj           92%        1d7       1%          1
b - Searing Ray           Conj           46%        2d6       2%          2
c - Inner Flame           Hex/Fire       4%         N/A       36%         3

Your spell library contained the following spells:

 Spells                   Type           Power      Damage    Failure   Level
 Dazzling Flash           Conj/Hex       30%        N/A       12%         3
 Fulminant Prism          Conj/Hex       7%         3d7       36%         4
 Iskenderun's Mystic Bla  Conj/Tloc      13%        2d5       43%         4
 Cause Fear               Hex            3%         N/A       71%         4
 Discord                  Hex            3%         N/A       100%        8


Dungeon Overview and Level Annotations

Branches:
Dungeon (4/15)
 Temple: D:4-7

Altars:
Ashenzari
Dithmenos
Okawaru
Qazlal
Sif Muna
Wu Jian
Xom
Yredelemnul

Shops:
D:2 ?


Innate Abilities, Weirdness & Mutations

You are immune to sickness and miasma.
Your stone body is resilient. (AC +4)
You are immune to poison.
You resist negative energy. (rN+)
You are resistant to electric shocks. (rElec)
You are resistant to unholy torment.
You are immune to petrification.


Message History

You kill the orc wizard!
Sif Muna accepts your kill.
Your Hexes skill increases to level 1!
You start resting.
Magic restored.
You start resting.
Unknown command.
You start resting.
HP restored.
Okay, then.
Things that are here:
a +0 short sword; a +0 leather armour You now have 1328 gold pieces (gained 11).
Items here: )) [ ††.
Found an iron altar of Okawaru.
An ufetubus comes into view.
The ufetubus shouts!
You see here a scroll labelled JAGYRI ZEONU.
Casting: Magic Dart (safe; 1% risk of failure)
Confirm with . or Enter, or press ? or * to list all spells.
Aiming: Magic Dart (safe; 1% risk of failure)
Press: ? - help, Shift-Dir - straight line, f - ufetubus
Aim: an ufetubus (100% to hit)
The magic dart hits the ufetubus!
You kill the ufetubus!
Sif Muna accepts your kill.
Your Stealth skill increases to level 3!
x - a scroll labelled JAGYRI ZEONU You now have 1339 gold pieces (gained 11).
Okay, then.
Found a shadowy altar of Dithmenos and a basalt altar of Yredelemnul.
Found 5 stones.
Found a stormy altar of Qazlal and an ornate altar of the Wu Jian Council.
Found a broken altar of Ashenzari.
An ogre comes into view. It is wielding a +0 giant spiked club.
The ogre shouts!
The ogre attacks as you move away!
The ogre hits you with a +0 giant spiked club!!!
Ouch! That really hurt!
You die...

###################
#.@................
#O#################
.........# #
.....###.# ### ..##
.# #.. ..... ###..
##....## #....
......# ..._. .
##.##.## .#(..


You could see an ogre.

Vanquished Creatures
  Jessica (D:2)
  An orc wizard (D:4)
  3 gnolls (D:3)
  4 adders
  An ufetubus (D:4)
  A worm (D:3)
  A dart slug (D:1)
  2 orcs (D:4)
  9 ball pythons
  4 bats
  5 endoplasms
  A giant cockroach (D:2)
  3 goblins
  5 hobgoblins
  2 quokkas (D:1)
  2 frilled lizards (D:3)
  6 kobolds
  4 rats
55 creatures vanquished.

Vanquished Creatures (others)
  A giant cockroach (D:2)
1 creature vanquished.

Grand Total: 56 creatures vanquished

Notes
Turn   | Place    | Note
-------+----------+-------------------------------------------
     0 | D:1      | FaviusArthum the Gargoyle Conjurer began the quest for the
                  | Orb.
     0 | D:1      | Reached XP level 1. HP: 10/10 MP: 3/3
   536 | D:1      | Reached XP level 2. HP: 15/15 MP: 3/5
   539 | D:1      | Learned a level 2 spell: Searing Ray
  1132 | D:1      | Reached skill level 5 in Conjurations
  1394 | D:1      | Identified a scroll of acquirement
  1394 | D:1      | Acquired 1218 gold pieces
  1577 | D:1      | You fall into a shaft and drop 1 floor!
  1766 | D:2      | Reached XP level 3. HP: 19/19 MP: 4/6
  1889 | D:2      | Learned a level 3 spell: Inner Flame
  1889 | D:2      | Found Niaxel's Magic Scroll Boutique.
  1899 | D:2      | Bought a scroll of identify for 26 gold pieces
  1899 | D:2      | Bought a scroll of teleportation for 39 gold pieces
  2064 | D:2      | Noticed Jessica
  2067 | D:2      | Killed Jessica
  2068 | D:2      | Reached XP level 4. HP: 24/24 MP: 3/7
  3431 | D:3      | Reached XP level 5. HP: 10/28 MP: 0/8
  3954 | D:3      | Found a shimmering altar of Xom.
  4019 | D:3      | Found a shimmering blue altar of Sif Muna.
  4031 | D:3      | Became a worshipper of Sif Muna the Loreminder
  4574 | D:4      | Reached skill level 1 in Hexes
  4712 | D:4      | Found an iron altar of Okawaru.
  4736 | D:4      | Found a shadowy altar of Dithmenos.
  4736 | D:4      | Found a basalt altar of Yredelemnul.
  4737 | D:4      | Found a stormy altar of Qazlal.
  4737 | D:4      | Found an ornate altar of the Wu Jian Council.
  4740 | D:4      | Found a broken altar of Ashenzari.
  4788 | D:4      | Noticed an ogre
  4791 | D:4      | Mangled by an ogre

Illustrated notes

Levels and vault maps discovered:
D:1:      wander_arrival_desolate, layout_basic
D:2:      layout_rooms, serial_shops, shop, lemuel_flame_loot_1, uniq_jessica
D:3:      layout_basic, mainiacjoe_overflow_paths, xom_teletrap_fun,
          basic_ecumenical_altar, reono_crystal_passage
D:4:      layout_loops_ring, grunt_temple_overflow_open, okawaru_gym_becter,
          chequers_serial_rivers_large_a

Skill      XL: |  1  2  3  4  5 |
---------------+----------------+-----
Conjurations   | 5 |  5.9
Hexes          | 1 |  1.1
Stealth        | 3 |  3.0
Fighting       | |  0.4
Short Blades   | |  0.6
Dodging        | |  1.8
Spellcasting   | |  2.9

Action                   |  1- 3 |  4- 6 || total
-------------------------+-------+-------++-------
Melee: Short sword       |    14 |       ||    14
       Dagger            |       |    34 ||    34
 Cast: Magic Dart        |    46 |    39 ||    85
       Searing Ray       |     2 |    12 ||    14
  Use: Scroll            |     3 |     1 ||     4
       Potion            |       |     1 ||     1
Armor: Robe              |     4 |    16 ||    20
Dodge: Dodged            |     8 |    21 ||    29
